AoeStats
← Schlenkerla23

Arena

509872833Analyzed
4v4 RM · 4d ago on Sep 28, 2026· 30m 48s· 8 players
Game mode
Random Map
Map size
Large (8 player)
Population
200
Speed
Normal
Resources
Standard
Victory
Conquest
Starting age
Dark Age
Ending age
Imperial Age
RankedLock teamsTeams togetherTeam positionsShared explorationLock speedFull tech treeHidden civsTurbo modeCheats
Victory
Defeat
🇨🇳 Byzantines · China
1203
+11
🇨🇳 Danes · China
1166
+12
🇨🇳 Saxons · China
1035
+17
🇨🇳 Franks · China
1009
+17
1092
-15
🇹🇷 Wei · Türkiye
1091
-15
🇨🇳 Turks · China
1070
-14
🇩🇪 Varangians · Germany
1040
-13
✿.和泉妃爱އ
10:44 Feudal Age
14:46 Castle Age
12:50 Horse Collar
13:15 Double-Bit Axe
16:36 Bow Saw
16:29 Heavy Plow
19:26 Town Watch
20:28 Gold Mining
20:29 Stone Mining
21:39 Wheelbarrow
20:54 Loom
Schlenkerla23
5:38 Loom
11:09 Feudal Age
15:03 Castle Age
12:54 Double-Bit Axe
13:27 Horse Collar
16:16 Wheelbarrow
16:27 Heavy Plow
16:42 Bow Saw
26:21 Scale Mail Armor
26:32 Forging
29:06 Chain Mail Armor
29:27 Iron Casting
30:25 Squires
30:10 Arson
Mystic Boy
10:36 Feudal Age
11:39 Horse Collar
12:58 Double-Bit Axe
14:02 Wheelbarrow
16:55 Castle Age
15:13 Gold Mining
17:27 Fletching
17:54 Bow Saw
17:48 Heavy Plow
18:38 Loom
18:56 Bodkin Arrow
22:48 Hand Cart
22:23 Town Watch
23:01 Bloodlines
26:37 Gold Shaft Mining
25:54 Stone Mining
26:55 Husbandry
27:04 Scale Barding Armor
30:01 Stone Shaft Mining
29:51 Chain Barding Armor
31:01 Ballistics
30:56 Forging
游侠不语只会屠民
3:00 Loom
12:05 Feudal Age
15:08 Castle Age
12:56 Double-Bit Axe
12:53 Horse Collar
17:47 Wheelbarrow
17:48 Bow Saw
19:25 Gold Mining
31:01 Imperial Age
TearsOfDisdain8
10:11 Feudal Age
13:45 Castle Age
12:04 Horse Collar
12:14 Double-Bit Axe
13:06 Horse Collar
14:47 Bow Saw
20:06 Wheelbarrow
23:39 Loom
24:26 Hand Cart
28:11 Imperial Age
25:52 Heavy Plow
25:48 Gold Mining
25:49 Stone Mining
26:47 Scale Barding Armor
26:52 Forging
27:44 Gold Shaft Mining
27:45 Stone Shaft Mining
27:27 Husbandry
28:07 Chain Barding Armor
28:08 Loom
29:01 Iron Casting
29:33 Plate Barding Armor
28:30 Heavy Camel Rider
29:22 Capped Ram
32:20 Chemistry
31:15 Murder Holes
Yakamoon
11:10 Feudal Age
11:56 Double-Bit Axe
14:49 Castle Age
16:20 Bow Saw
18:42 Gold Mining
20:27 Wheelbarrow
21:14 Gold Shaft Mining
21:37 Forging
22:41 Scale Mail Armor
24:38 Iron Casting
24:20 Chain Mail Armor
26:19 Hand Cart
31:49 Imperial Age
29:23 Stone Mining
30:52 Loom
JCUP
10:56 Feudal Age
12:02 Double-Bit Axe
14:57 Castle Age
13:13 Horse Collar
15:15 Loom
18:22 Gold Mining
25:57 Imperial Age
23:47 Fletching
25:21 Treadmill Crane
29:24 Ballistics
30:22 Bodkin Arrow
Cat direction
9:48 Feudal Age
11:03 Double-Bit Axe
14:05 Castle Age
12:48 Horse Collar
15:02 Bow Saw
21:41 Heavy Plow
23:47 Wheelbarrow
23:07 Gold Mining
23:21 Stone Mining
27:54 Imperial Age
25:11 Loom
25:56 Hand Cart
26:34 Gold Shaft Mining
26:19 Forging
26:12 Scale Mail Armor
27:09 Chain Mail Armor
27:04 Forging
27:10 Chain Mail Armor
27:05 Forging
26:49 Town Watch
26:54 Man-at-Arms
27:22 Gambesons
27:37 Squires
27:22 Arson
27:23 Gambesons
27:23 Arson
28:32 Iron Casting
27:46 Long Swordsman
29:06 Plate Mail Armor
29:19 Conscription
28:20 Hamask
28:32 Capped Ram
28:41 Two-Handed Swordsman
30:26 Blast Furnace
29:29 Siege Ram
30:06 Champion
Connection lost

Rejoining the realm…

Still unreachable

The connection could not be restored.

Session expired

The server has moved on; the page needs a fresh start.